 Dungeon Crawl Stone Soup version 0.20.1-1-g8b1a95d (webtiles) character file.

80 veneficus the Sneak (level 4, -4/21 HPs)
             Began as a Spriggan Enchanter on Oct 24, 2017.
             Slain by an adder (5 damage)
             ... on level 3 of the Dungeon.
             The game lasted 00:04:59 (2856 turns).

veneficus the Sneak (Spriggan Enchanter)            Turns: 2856, Time: 00:04:59

Health: -4/21      AC:  2    Str:  4    XL:     4   Next: 18%
Magic:  9/9        EV: 19    Int: 17    God:
Gold:   147        SH:  0    Dex: 16    Spells: 5/8 levels left

rFire    . . .     SeeInvis +   a - +1 dagger
rCold    . . .     Gourm    .   (shield restricted)
rNeg     . . .     Faith    .   b - +0 robe
rPois    .         Spirit   .   (helmet restricted)
rElec    .         Reflect  .   (no cloak)
rCorr    .         Harm     .   (gloves unavailable)
MR       .....                  (boots unavailable)
Stlth    +++.......             (no amulet)
Regen    0.1/turn               (no ring)
MPRegen  0.2/turn               (no ring)

@: very quick
A: unfitting armour, see invisible, herbivore 3, speed 3, slow metabolism 2
a: no special abilities


You were on level 3 of the Dungeon.
You were hungry.

You visited 1 branch of the dungeon, and saw 3 of its levels.

You collected 147 gold pieces.

Inventory:

Hand Weapons
 a - a +1 dagger (weapon)
Armour
 b - a +0 robe (worn)
Scrolls
 e - a scroll of remove curse
 h - a scroll of blinking
 k - a scroll of immolation {unknown}
 l - a scroll of magic mapping {unknown}
 n - a scroll of amnesia
 r - 2 scrolls of identify {unknown}
 s - a scroll of recharging {unknown}
Potions
 f - a potion of curing
 g - a potion of heal wounds
 i - 2 potions of haste
 o - a potion of might
Books
 c - a book of Maledictions

   Spells                             Type                      Level
   a - Corona                         Hexes                        1
   b - Ensorcelled Hibernation        Hexes/Ice                    2
   c - Confuse                        Hexes                        3
   d - Tukima's Dance                 Hexes                        3
   e - Dazzling Spray                 Conjuration/Hexes            3
Comestibles
 d - 3 bread rations
 j - a royal jelly
 m - 6 fruits


   Skills:
 + Level 0.4 Fighting
 - Level 1.1 Short Blades
 + Level 3.8 Dodging
 + Level 6.2 Stealth
 - Level 2.6 Spellcasting
 + Level 4.4 Hexes
 + Level 0.2 Ice Magic


You had 5 spell levels left.
You knew the following spells:

 Your Spells              Type           Power        Failure   Level  Hunger
a - Corona                Hex            ###....      3%          1    #......
z - Ensorcelled Hibernat  Hex/Ice        ##....       11%         2    ##.....


Dungeon Overview and Level Annotations

Branches:
Dungeon (3/15)

Altars:


Innate Abilities, Weirdness & Mutations

You are very small and have problems with some larger weapons.
You are too small for most types of armour.
You have supernaturally acute eyesight. (SInv)
You are a herbivore.
You cover ground extremely quickly.
You need consume almost no food.


Message History

The orc hits you with a whip! The adder bites you. The orc closely misses you.
The adder bites you.
* * * LOW HITPOINT WARNING * * *
The adder completely misses you. The orc closely misses you.
The adder completely misses you. The adder bites you.
* * * LOW HITPOINT WARNING * * *
You hit the orc.
The orc is heavily wounded.
The adder closely misses you. The orc barely misses you.
The adder bites you but does no damage. The orc misses you.
The adder barely misses you. The orc hits you with a whip.
* * * LOW HITPOINT WARNING * * *
You are feeling hungry.
The adder misses you. The orc closely misses you. The adder closely misses you.
The adder closely misses you. The adder bites you.
You die...

#.####?..#
#...##...#
#........#
#######.#.##...#
##...†...#.##...#
##..#######..#...##
.....# #........#
..##.....#.....oS.#
### ####........@)#
###........#
#........#
##########


You could see an adder and an orc.

Vanquished Creatures
  5 adders
  2 leopard geckos
  A ball python (D:1)
  4 giant cockroaches
  3 hobgoblins
  2 jackals (D:2)
  A quokka (D:2)
  4 bats
  6 frilled lizards
  3 goblins
  2 kobolds
  4 rats (D:1)
37 creatures vanquished.

Notes
Turn   | Place    | Note
-------+----------+-------------------------------------------
     0 | D:1      | veneficus the Spriggan Enchanter began the quest for the Orb.
     0 | D:1      | Reached XP level 1. HP: 9/9 MP: 5/5
   349 | D:1      | Reached XP level 2. HP: 13/13 MP: 6/6
   353 | D:1      | Learned a level 2 spell: Ensorcelled Hibernation
   847 | D:2      | Reached skill level 5 in Stealth
  1077 | D:2      | Reached XP level 3. HP: 16/16 MP: 8/8
  1350 | D:2      | Reached skill level 6 in Stealth
  2469 | D:3      | Reached XP level 4. HP: 21/21 MP: 9/9
  2851 | D:3      | HP: 1/21 [orc/whip (2)]
  2856 | D:3      | Slain by an adder

Skill      XL: |  1  2  3 |
---------------+----------+-----
Stealth        | 5 6 |  6.2
Hexes          | 4 |  4.4
Fighting       | |  0.4
Short Blades   | |  1.1
Dodging        | |  3.8
Spellcasting   | |  2.6
Ice Magic      | |  0.2

Action                   |  1- 3 |  4- 6 || total
-------------------------+-------+-------++-------
Melee: Dagger            |   102 |    17 ||   119
 Cast: Ensorcelled Hiber |    14 |       ||    14
  Use: Scroll            |     3 |       ||     3
       Potion            |     2 |     6 ||     8
 Stab: Sleeping          |    23 |     2 ||    25
Armor: Robe              |    13 |     3 ||    16
Dodge: Dodged            |    70 |    32 ||   102
